Map: Ulrena

Players

Visard

  • Race: Zerg Zerg
  • League: Silver

lesha - Winner!

  • Race: Terran Terran
  • League: Silver

VOD

Have the link to the VOD?

Description

Time

  • Played on: Jan. 2, 2016, 11:01 a.m.
  • Length: 11:22
Show
View Real Time Build Order
Export as new Build Order

Visard Zerg 

Build Orders: Pool First, Zergling Baneling 

Get SALT Encoding   

  12  0:07  Drone  
  12  0:08  Drone  
  14  0:28  Spawning Pool  
  13  0:29  Drone  
  14  0:45  Overlord x2  
  14  1:09  Drone x3  
  17  1:12  Extractor  
  17  1:14  Queen, Extractor  
  17  1:34  Drone x2  
  19  2:06  Drone x3  
  22  2:11  Baneling Nest  
  21  2:19  Drone  
  22  2:25  Drone x3  
  25  2:34  Spine Crawler  
  25  2:35  Drone  
  25  2:37  Metabolic Boost  
  25  2:43  Overlord  
  25  2:48  Lair  
  25  2:53  Evolution Chamber  
  25  2:56  Zergling x6  
  25  2:57  Zergling x2  
  28  3:19  Zergling x4  
  30  3:23  Zerg Melee Weapons Level 1  
  30  3:29  Zergling x6  
  33  3:46  Centrifical Hooks  
  33  3:58  Zergling x4  
  33  3:59  Zergling x6  
  33  4:00  Overlord  
  38  4:24  Baneling  
  38  4:25  Baneling x10  
  38  4:32  Zergling x2  
  38  4:33  Zergling x8  
  38  4:38  Baneling x3  
  43  4:43  Baneling  
  43  5:02  Zergling x2  
  43  5:03  Zergling x4  
  43  5:04  Overlord x2  
  34  5:33  Zergling x2  
  34  5:34  Zergling x10  
  33  5:45  Drone  
  33  5:47  Hatchery  
  33  5:57  Baneling  
  33  5:58  Baneling x5  
  33  6:07  Drone x3  
  33  6:10  Drone  
  32  6:41  Zerg Melee Weapons Level 2  
  32  6:42  Zergling x2  
  32  6:43  Zergling x10  
  38  7:10  Baneling  
  38  7:11  Baneling x6  
  37  7:34  Drone  
  38  7:44  Pneumatized Carapace  
  38  7:49  Zergling x2  
  38  7:50  Queen, Zergling x6  
  44  7:51  Drone x2  
  44  7:52  Drone  
  47  8:07  Hatchery  
  47  8:12  Baneling x11  
  46  8:16  Drone x2  
  46  8:18  Drone  
  46  8:19  Drone x2  
  51  8:20  Drone  
  52  8:32  Drone  
  51  9:02  Extractor  
  50  9:03  Drone  
  50  9:04  Drone x5  
  50  9:05  Zergling x2, Extractor  
  50  9:06  Zergling x10  
  50  9:09  Baneling  
  61  9:10  Baneling x7  
  61  9:30  Spire  
  61  9:31  Drone x2  
  62  9:34  Drone x3  
  62  9:36  Drone x2  
  62  9:38  Queen  
  42  10:08  Zergling x6  
  42  10:09  Zergling x2  
  46  10:17  Drone x3  
  45  10:29  Drone  
  45  10:30  Drone x5  
  45  10:31  Spawning Pool  
  45  10:33  Drone  
  50  10:42  Corruptor x3  
  57  10:50  Drone x4  
  57  10:51  Drone  
Show
View Real Time Build Order
Export as new Build Order

lesha Terran - Winner!

Build Orders: MMM Bio 

Get SALT Encoding   

  12  0:05  SCV  
  13  0:17  SCV  
  14  0:21  Supply Depot  
  14  0:29  SCV  
  15  0:43  SCV  
  15  0:44  Barracks  
  16  0:52  Refinery  
  16  0:55  SCV  
  17  1:07  SCV  
  18  1:19  SCV  
  19  1:30  Supply Depot  
  19  1:31  Orbital Command  
  19  1:34  Reaper  
  20  1:42  Barracks  
  20  1:58  SCV  
  21  2:10  SCV  
  21  2:13  Barracks Reactor  
  22  2:23  Refinery  
  22  2:34  SCV  
  23  2:39  Barracks Reactor  
  23  2:46  SCV  
  23  2:50  Factory  
  24  2:57  Command Center  
  24  3:15  SCV, Bunker  
  25  3:21  Bunker  
  25  3:22  Supply Depot, Marine x4  
  25  3:23  Supply Depot  
  29  3:28  SCV  
  30  3:34  Barracks  
  30  3:40  SCV  
  31  3:44  Marine x2  
  33  3:52  SCV  
  34  4:00  Marine x2  
  36  4:03  Factory Tech Lab  
  36  4:10  Starport  
  35  4:22  Siege Tank  
  35  4:23  Barracks Tech Lab  
  38  4:33  Marine x2  
  38  4:34  Marine x2  
  42  4:38  Orbital Command  
  42  4:42  Marauder  
  44  4:47  Stimpack  
  44  4:53  Medivac  
  46  5:05  Marine x4  
  50  5:12  Marauder  
  52  5:23  Medivac  
  52  5:24  Engineering Bay  
  53  5:33  Orbital Command  
  51  5:54  Supply Depot  
  51  6:01  Supply Depot x3  
  51  6:02  Supply Depot  
  51  6:16  SCV x2, Marine  
  54  6:20  Bunker  
  54  6:21  Marine x2  
  50  6:25  Supply Depot, Starport Reactor  
  50  6:28  SCV x2  
  50  6:29  Supply Depot  
  50  6:31  Barracks Reactor, Supply Depot  
  52  6:33  Marine  
  52  6:39  Barracks, Marine x2  
  55  6:41  Barracks  
  55  6:47  Combat Shields  
  55  6:51  Marine  
  56  6:57  Marine x2  
  58  7:03  Medivac x2  
  58  7:05  SCV  
  58  7:08  Marine  
  64  7:09  Marine  
  64  7:10  SCV  
  54  7:34  SCV x2  
  54  7:35  Marine x3  
  54  7:36  Marine  
  54  7:37  Barracks Reactor x2  
  60  7:38  Marauder  
  60  7:39  Siege Tank  
  65  7:46  SCV x2  
  65  7:48  Terran Infantry Weapons Level 1  
  67  7:55  Engineering Bay  
  67  7:58  Armory  
  67  8:03  Liberator  
  67  8:09  Marine x4  
  67  8:12  Marauder  
  73  8:15  Widow Mine  
  75  8:24  Marine x4  
  75  8:26  SCV  
  83  8:31  Refinery  
  83  8:33  Marauder  
  85  8:35  Refinery  
  85  8:39  SCV x2  
  87  8:42  Marine x2  
  87  8:43  Marine  
  87  8:44  Widow Mine  
  85  8:51  SCV x2  
  87  9:02  Missile Turret  
  87  9:03  SCV x2  
  87  9:05  Missile Turret  
  89  9:22  Marine x2  
  89  9:23  Marine x7  
  98  9:25  Missile Turret  
  98  9:30  Missile Turret  
  98  9:32  Supply Depot  
  98  9:33  Supply Depot x2  
  98  9:34  Supply Depot  
  95  9:55  Supply Depot  
  95  10:07  Marine x7  
  95  10:08  Marine x2  
  104  10:17  Medivac x2  
  108  10:24  Marine  
  108  10:25  Marine x3  
Tags
 
Add a new tag
Caveats
  • Supply blocks, unpowered buildings, or Contaminate may cause inaccurate times.
  • Supply counts are checked every 10 seconds.